 Dungeon Crawl Stone Soup version 0.25.0-15-gac7dcb8919 (console) character file.

Game seed: 5248445904888062958

55 Kagalorn the Chopper (level 3, -2/31 HPs)
             Began as a Minotaur Gladiator on June 29, 2020.
             Slain by a hound (5 damage)
             ... on level 2 of the Dungeon.
             The game lasted 00:03:48 (2397 turns).

Kagalorn the Chopper (Minotaur Gladiator)           Turns: 2397, Time: 00:03:49

Health: -2/31      AC:  3    Str: 19    XL:     3   Next: 67%
Magic:  2/2        EV: 13    Int:  5    God:
Gold:   145        SH:  0    Dex: 11    Spells: 2/2 levels left

rFire    . . .     SeeInvis .   a - +0 war axe
rCold    . . .     Gourm    .   (no shield)
rNeg     . . .     Faith    .   b - +0 leather armour
rPois    .         Spirit   .   c - +0 hat
rElec    .         Reflect  .   (no cloak)
rCorr    .         Harm     .   (no gloves)
MR       .....                  (no boots)
Stlth    +.........             (no amulet)
HPRegen  0.10/turn              (no ring)
MPRegen  0.08/turn              (no ring)

@: no status effects
A: retaliatory headbutt, horns 2
a: no special abilities


You were on level 2 of the Dungeon.
You were hungry.

You visited 1 branch of the dungeon, and saw 3 of its levels.

You collected 145 gold pieces.

Inventory:

Hand Weapons
 a - a +0 war axe (weapon)
Missiles
 d - 3 throwing nets (quivered)
 e - 15 poisoned darts
 g - 56 stones
 j - 50 sling bullets
 n - 49 arrows
Armour
 b - a +0 leather armour (worn)
 c - a +0 hat (worn)
Scrolls
 h - 5 scrolls of identify {unknown}
 k - a scroll of enchant armour {unknown}
 l - a scroll of fear {unknown}
 o - a scroll of enchant weapon {unknown}
 q - a scroll of random uselessness {unknown}
Potions
 i - a potion of brilliance {unknown}
 m - a potion of cancellation {unknown}
 p - a potion of curing
Comestibles
 f - 4 rations


   Skills:
 + Level 3.1 Fighting
 * Level 4.5 Axes
 - Level 2.0 Throwing
 + Level 1.5 Armour
 + Level 3.7 Dodging


You had 2 spell levels left.
You didn't know any spells.
Your spell library was empty.

Dungeon Overview and Level Annotations

Branches:
Dungeon (3/15)

Altars:
Qazlal
Sif Muna


Innate Abilities, Weirdness & Mutations

You reflexively headbutt those who attack you in melee.
You have a pair of horns on your head.


Message History

There is an escape hatch in the floor here.
The hound bites you.
* * * LOW HITPOINT WARNING * * *
There is a stone staircase leading up here.
You feel better. The orc barely misses you. The hound bites you.
* * * LOW HITPOINT WARNING * * *
You can't go down here!
The hound closely misses you. You furiously retaliate!
You headbutt the hound. The orc misses you. The hound bites you.
* * * LOW HITPOINT WARNING * * *
You climb upwards.
There is a stone staircase leading down here.
You closely miss the hound.
The hound is heavily wounded.
The hound bites you.
* * * LOW HITPOINT WARNING * * *
You closely miss the hound.
The hound is heavily wounded.
The hound bites you.
You die...

.# #....## #.# #. ^#
#.....######### #.# #. .#
#.............########.#
#. )#
#.....##....[..........#
#. .#
#....########.#######..#
#. .# #.#.## #.# #..# #.
.# #.#.# #.# #..# #. .#
#.#)# #h# ##..# #. .#
#.#.# #@# #...# #. .#
#.#.## #.# #..## #.
####.#..## ##.## #..# #.
.....#.#.######...#####..#
#.
.....##................<.#
#.
....###.#######.).####...#
#. ........# ##.## #...#
#. ....###.########.#
#..## #. ....#
#<.........#####..# #.


You could see a hound.

Vanquished Creatures
  2 adders
  8 bats
  A giant cockroach (D:3)
  2 goblins
  5 hobgoblins (D:1)
  4 jackals
  A quokka (D:3)
  3 frilled lizards (D:1)
  6 kobolds
  5 rats
37 creatures vanquished.

Notes
Turn   | Place    | Note
-------+----------+-------------------------------------------
     0 | D:1      | Kagalorn the Minotaur Gladiator began the quest for the
                  | Orb.
     0 | D:1      | Reached XP level 1. HP: 18/18 MP: 0/0
   354 | D:1      | Reached XP level 2. HP: 17/25 MP: 1/1
   509 | D:1      | Reached skill level 4 in Axes
   814 | D:1      | Reached skill level 1 in Armour
  1310 | D:2      | Reached XP level 3. HP: 17/30 MP: 2/2
  1940 | D:2      | Found a stormy altar of Qazlal.
  2348 | D:3      | Found a shimmering blue altar of Sif Muna.
  2392 | D:3      | HP: 1/31 [hound (4)]
  2397 | D:2      | Slain by a hound

Illustrated notes

Levels and vault maps discovered:
D:1:      dpeg_arrival_brainrot, layout_basic, chequers_serial_rivers_marsh
D:2:      layout_loops_ring, lemuel_doored_altar
D:3:      layout_rooms, nicolae_overflow_crystal_walls, marbit_many_paths

Skill      XL: |  1  2  3 |
---------------+----------+-----
Axes           | 4 |  4.5
Armour         | 1 |  1.5
Fighting       | 3 |  3.1
Throwing       | |  2.0
Dodging        | |  3.7

Action                   || total
-------------------------++-------
Melee: War axe           ||    75
       Headbutt          ||     5
  Use: Potion            ||     3
  Eat: Chunk             ||     4
Armor: Leather armour    ||    23
Dodge: Dodged            ||    95
